 Dungeon Crawl Stone Soup version 0.25-a0-834-g55863b0b92 (webtiles) character file.

Game seed: 12113540167288878451, levelgen mode: deterministic

5647 wullow the Magician (level 10, -3/86 HPs)
             Began as a White Draconian Venom Mage on Apr 23, 2020.
             Was a High Priest of Okawaru.
             Slain by a wyvern skeleton (8 damage)
             ... on level 9 of the Dungeon.
             The game lasted 00:48:33 (11378 turns).

wullow the Magician (White Draconian Venom Mage)   Turns: 11378, Time: 00:48:33

Health: -3/86      AC:  8    Str: 11    XL:     10   Next: 46%
Magic:  3/21       EV: 13    Int: 18    God:    Okawaru [*****.]
Gold:   417        SH:  0    Dex: 12    Spells: 13/24 levels left

rFire    . . .     SeeInvis .   y - +0 dagger (venom)
rCold    + . .     Gourm    .   (no shield)
rNeg     . . .     Faith    .   (armour unavailable)
rPois    .         Spirit   .   (helmet restricted)
rElec    .         Reflect  .   (no cloak)
rCorr    .         Harm     .   (no gloves)
MR       .....                  G - +0 pair of boots
Stlth    ++........             (no amulet)
HPRegen  0.24/turn              (no ring)
MPRegen  0.17/turn              (no ring)

@: no status effects
A: breathe frost, unfitting armour, cold resistance 1, cold-blooded, AC +7
a: Breathe Frost, Heroism, Finesse, Renounce Religion


You were on level 9 of the Dungeon.
You worshipped Okawaru.
Okawaru was extremely pleased with you.
You were not hungry.

You visited 2 branches of the dungeon, and saw 10 of its levels.

You collected 417 gold pieces.

Inventory:

Hand Weapons
 f - a +1 vorpal broad axe
 v - a +4 mace of draining
 y - a +0 dagger of venom (weapon)
 B - a +1 short sword of speed
 K - a +0 rapier
Missiles
 c - 223 stones (quivered)
 g - 11 poisoned darts
 n - 154 arrows
 p - 42 sling bullets
 z - 3 atropa-tipped darts
 E - 2 curare-tipped darts
Armour
 G - a +0 pair of boots (worn)
Wands
 k - a wand of flame (22)
 H - a wand of paralysis (9)
 I - a wand of digging (3)
Scrolls
 a - 6 scrolls of identify
 l - a scroll of blinking {unknown}
 o - 2 scrolls of immolation {unknown}
 q - 5 scrolls of magic mapping
 r - 2 scrolls of fear {unknown}
 s - 2 scrolls of enchant armour {unknown}
 t - 3 scrolls of noise {unknown}
 u - 3 scrolls of remove curse
 w - a scroll of random uselessness {unknown}
 A - 2 scrolls of teleportation {unknown}
 F - a scroll of amnesia {unknown}
Potions
 d - 2 potions of mutation
 e - 8 potions of curing
 h - 4 potions of lignification
 i - 5 potions of heal wounds
 j - 4 potions of magic
 m - 2 potions of flight
 x - 2 potions of degeneration
 C - 2 potions of brilliance
 D - a potion of haste
 J - a potion of stabbing {unknown}
Comestibles
 b - 15 rations
 L - a chunk of flesh


   Skills:
 + Level 7.3 Fighting
 - Level 2.0 Short Blades
 - Level 3.0 Dodging
 - Level 2.0 Stealth
 + Level 7.8 Spellcasting
 - Level 3.0 Conjurations
 - Level 3.0 Summonings
 - Level 3.0 Transmutations
 - Level 2.0 Fire Magic
 - Level 3.0 Air Magic
 - Level 6.0 Poison Magic
 - Level 5.0 Invocations
 + Level 4.5 Evocations


You had 13 spell levels left.
You knew the following spells:

 Your Spells              Type           Power        Failure   Level  Hunger
a - Sting                 Tmut/Pois      ###.         1%          1    None
b - Poisonous Vapours     Pois/Air       ###...       2%          2    None
c - Mephitic Cloud        Conj/Pois/Air  ###.....     6%          3    #......
d - Ignite Poison         Fire/Tmut/Pois ###.....     7%          3    #......
e - Call Imp              Summ           ###.....     4%          2    None

Your spell library contained the following spells:

 Spells                   Type           Power        Failure   Level  Hunger
 Magic Dart               Conj           ###.         3%          1    None
 Olgreb's Toxic Radiance  Pois           ####....     9%          4    ###....
 Conjure Flame            Conj/Fire      ###.....     11%         3    #......
 Blink                    Tloc           N/A          16%         2    None
 Slow                     Hex            #.......     16%         2    None


Dungeon Overview and Level Annotations

Branches:
Dungeon (9/15)             Temple (1/1) D:7            Lair (0/6) D:8
    Orc: D:9-12

Altars:
Ashenzari
Cheibriados
Dithmenos
Elyvilon
Fedhas
Gozag
Hepliaklqana
Kikubaaqudgha
Makhleb
Nemelex Xobeh
Okawaru
Qazlal
Ru
Sif Muna
Trog
Uskayaw
Vehumet
Wu Jian
Xom
Yredelemnul
Zin
The Shining One

Shops:
D:5 [   D:6 [


Innate Abilities, Weirdness & Mutations

You can breathe waves of freezing cold.
You can buffet flying creatures when you breathe cold.
Your icy white scales are hard. (AC +7)
You cannot fit into any form of body armour.
Your flesh is cold resistant. (rC+)
You are cold-blooded and may be slowed by cold attacks.


Message History

The wyvern skeleton is severely damaged.
The wyvern skeleton bites you.
* * * LOW HITPOINT WARNING * * *
You hit the wyvern skeleton but do no damage.
You tail-slap the wyvern skeleton.
The wyvern skeleton is severely damaged.
The wyvern skeleton barely misses you.
You hit the wyvern skeleton.
The wyvern skeleton is severely damaged.
The wyvern skeleton barely misses you.
You barely miss the wyvern skeleton.
The wyvern skeleton is severely damaged.
The wyvern skeleton bites you.
* * * LOW HITPOINT WARNING * * *
You hit the wyvern skeleton.
The wyvern skeleton is severely damaged.
The wyvern skeleton bites you!
* * * LOW HITPOINT WARNING * * *
The wyvern skeleton bites you!
You die...

.... #...........# ....
+...........#
....##########...........#
#....................#
.....................#
.....................#
.......÷.............#
.........†)..).......#
.#########<.@........#
.......#.Z.........#
.......#...........#
.......'...........#
.......#...........
#########..........
+.......'......####
#.....g†#......#
#......)#......#


You could see a wyvern skeleton.

Vanquished Creatures
  Erolcha (D:9)
  Maggie (D:6)
  Grinder (D:4)
  A hog (D:7)
  3 yaks (D:7)
  A human (D:7)
  A water moccasin (D:8)
  2 orc warriors
  4 sky beasts
  3 ice beasts
  A phantom (D:5)
  An eye of draining (D:8)
  7 ogres
  3 centaurs
  A big kobold (D:8)
  2 bullfrogs
  A gnoll sergeant (D:9)
  2 scorpions
  3 killer bees (D:7)
  5 wights (D:7)
  4 howler monkeys
  A centaur zombie (D:7)
  3 orc priests
  3 hounds
  A jelly (D:8)
  8 orc wizards
  6 worker ants
  A hound zombie (D:7)
  A howler monkey zombie (D:7)
  Robin (D:2)
  10 gnolls
  A howler monkey skeleton (D:4)
  15 adders
  A shadow imp (D:4)
  3 oozes
  A worm (D:3)
  3 dart slugs
  7 leopard geckos
  23 orcs
  6 bats
  4 giant cockroaches
  10 goblins
  9 hobgoblins
  11 jackals
  8 kobolds
  5 quokkas
  4 ball pythons
  5 frilled lizards
  A giant cockroach zombie (D:5)
  2 leopard gecko zombies (D:7)
  8 rats
210 creatures vanquished.

Notes
Turn   | Place    | Note
-------+----------+-------------------------------------------
     0 | D:1      | wullow the Draconian Venom Mage began the quest for the
                  | Orb.
     0 | D:1      | Reached XP level 1. HP: 14/14 MP: 3/3
   223 | D:1      | Reached XP level 2. HP: 19/20 MP: 0/5
   227 | D:1      | Learned a level 2 spell: Poisonous Vapours
   786 | D:2      | Reached XP level 3. HP: 27/27 MP: 0/6
   860 | D:2      | Learned a level 3 spell: Mephitic Cloud
  1126 | D:2      | Found an opulent altar of Gozag.
  1223 | D:2      | Reached skill level 1 in Air Magic
  1593 | D:2      | Reached XP level 4. HP: 34/34 MP: 4/7
  1657 | D:2      | Noticed Robin
  1662 | D:2      | Killed Robin
  1768 | D:2      | Reached skill level 1 in Conjurations
  2256 | D:3      | Reached skill level 1 in Fighting
  2532 | D:3      | Reached XP level 5. HP: 40/40 MP: 5/9
  2789 | D:3      | Learned a level 3 spell: Ignite Poison
  3012 | D:3      | Reached skill level 1 in Fire Magic
  3291 | D:3      | Reached XP level 6. HP: 32/47 MP: 0/10
  3683 | D:4      | Found a snail-covered altar of Cheibriados.
  3724 | D:4      | Reached skill level 1 in Short Blades
  3841 | D:4      | Noticed Grinder
  3845 | D:4      | Killed Grinder
  3845 | D:4      | Your scales start taking on an icy white colour.
  3845 | D:4      | Reduced skill Fire Magic to level 1
  3845 | D:4      | Reached XP level 7. HP: 52/56 MP: 2/13
  3845 | D:4      | Gained mutation: Your flesh is cold resistant. (rC+) [White
                  | Draconian growth]
  3930 | D:4      | Learned a level 2 spell: Call Imp
  4134 | D:4      | Reached skill level 1 in Summonings
  4280 | D:4      | Found an iron altar of Okawaru.
  4296 | D:4      | Became a worshipper of Warmaster Okawaru
  4841 | D:5      | Entered Level 5 of the Dungeon
  5424 | D:4      | Reached skill level 5 in Spellcasting
  5424 | D:4      | Reached skill level 1 in Invocations
  5424 | D:4      | Reached XP level 8. HP: 44/63 MP: 5/15
  6065 | D:5      | Reached * piety under Okawaru
  6065 | D:5      | Reached skill level 5 in Poison Magic
  6123 | D:5      | Found a stormy altar of Qazlal.
  6160 | D:5      | Found Gabb's Antique Armour Emporium.
  6176 | D:5      | Found a radiant altar of Vehumet.
  6176 | D:5      | Found a stormy altar of Qazlal.
  6176 | D:5      | Found a shadowy altar of Dithmenos.
  6177 | D:5      | Found a sacrificial altar of Ru.
  6223 | D:5      | Found a burning altar of Makhleb.
  6810 | D:6      | Found a basalt altar of Yredelemnul.
  6841 | D:6      | Reached ** piety under Okawaru
  7107 | D:6      | Noticed Maggie
  7118 | D:6      | Killed Maggie
  7118 | D:6      | Reached XP level 9. HP: 39/72 MP: 7/18
  7335 | D:6      | Found a bloodstained altar of Trog.
  7389 | D:6      | Found a glowing golden altar of the Shining One.
  7575 | D:6      | Found Kizoku's Armour Emporium.
  8050 | D:7      | Reached *** piety under Okawaru
  8071 | D:7      | Found a staircase to the Ecumenical Temple.
  8078 | Temple   | Entered the Ecumenical Temple
  8296 | D:7      | Noticed a +0 dagger
  8296 | D:7      | Noticed a +0 hand axe
  8297 | D:7      | Found a hide-covered altar of Uskayaw.
  8525 | D:7      | Reached skill level 5 in Fighting
  8706 | D:7      | Reached skill level 1 in Evocations
  9236 | D:7      | Reached **** piety under Okawaru
  9886 | D:8      | Reached skill level 5 in Invocations
  9886 | D:8      | Reached XP level 10. HP: 83/83 MP: 4/20
 10528 | D:8      | Found a staircase to the Lair.
 10626 | D:8      | Found an ancient bone altar of Kikubaaqudgha.
 10786 | D:8      | Found a bloodstained altar of Trog.
 11254 | D:9      | Noticed Erolcha
 11295 | D:9      | Killed Erolcha
 11295 | D:9      | Reached ***** piety under Okawaru
 11378 | D:9      | Slain by a wyvern skeleton

Levels and vault maps discovered:
D:1:      dpeg_arrival_arbitrary_c, layout_basic
D:2:      layout_loops_ring, nicolae_overflow_hidden_temple, first_ration,
          kennysheep_nondescript, uniq_robin
D:3:      layout_rooms
D:4:      layout_basic, cheibriados_altar_1, okawaru_altar_gauntlet_db,
          minmay_crossroads, uniq_grinder
D:5:      layout_basic, makhleb_blood_cavern_becter,
          chequers_temple_overflow_statue_of_worship, basic_altar, serial_shops,
          shop, serial_glass, glass_columns_c, glass_columns_a
D:6:      layout_loops_cross, nicolae_tso_carved_into_rock,
          lemuel_crystal_altar, basic_altar, serial_shops, shop, uniq_maggie
D:7:      layout_basic, dancing_weapons_uskayaw, minmay_temple_entry_grid,
          grunt_livestock
D:8:      layout_loops_ring, kennysheep_mini, trog_eyes_of_draining,
          lair_entry_dummy
D:9:      layout_gridville, uniq_maurice, uniq_erolcha
Temple:   jpeg_temple_island

Skill      XL: |  1  2  3  4  5  6  7  8  9 10 |
---------------+-------------------------------+-----
Stealth        | 2 |  2.0
Dodging        | 2 3 |  3.0
Air Magic      | 1 2 3 |  3.0
Transmutations | 2 3 |  3.0
Conjurations   | 1 2 3 |  3.0
Fighting       | 1 2 3 4 6 7 |  7.3
Spellcasting   | 3 4 5 6 7 |  7.8
Fire Magic     | 1 1 2 |  2.0
Short Blades   | 1 2 |  2.0
Poison Magic   | 4 5 6 |  6.0
Summonings     | 2 3 |  3.0
Invocations    | 1 3 5 |  5.0
Evocations     | 3 4 |  4.5

Action                   |  1- 3 |  4- 6 |  7- 9 | 10-12 || total
-------------------------+-------+-------+-------+-------++-------
Melee: Unarmed           |     3 |       |       |       ||     3
       Whip              |     6 |    21 |       |       ||    27
       Tailslap          |     2 |     6 |    35 |    12 ||    55
       Dagger            |       |    28 |   367 |    85 ||   480
 Cast: Sting             |    46 |    31 |     5 |     3 ||    85
       Poisonous Vapours |    15 |    57 |   102 |    35 ||   209
       Mephitic Cloud    |       |     4 |    31 |     6 ||    41
       Ignite Poison     |       |     2 |    13 |     6 ||    21
  Use: Scroll            |       |       |    11 |       ||    11
 Stab: Confused          |       |       |     5 |       ||     5
       Sleeping          |       |       |     1 |       ||     1
  Eat: Chunk             |     4 |    10 |    18 |     6 ||    38
       Ration            |       |       |     1 |       ||     1
Armor: Skin              |     7 |    22 |   109 |    27 ||   165
Dodge: Dodged            |    12 |    48 |   250 |    45 ||   355

Table legend:
 A = Non-vault XP
 B = Vault XP
 C = Vault XP percentage of total XP
 D = Non-vault monster count
 E = Vault monster count
 F = Vault count percentage of total count
                 A         B        C        D         E       F
            +---------+---------+-------+---------+---------+-------
      Total |    4985 |    3083 |  38.2 |     184 |      26 |  12.4
            +---------+---------+-------+---------+---------+-------
        D:1 |      40 |       0 |   0.0 |      19 |       0 |   0.0
        D:2 |      96 |      26 |  21.3 |      20 |       7 |  25.9
        D:3 |     227 |       0 |   0.0 |      33 |       0 |   0.0
        D:4 |     744 |     335 |  31.0 |      23 |       8 |  25.8
        D:5 |     635 |      42 |   6.2 |      21 |       1 |   4.5
        D:6 |     516 |     379 |  42.3 |      17 |       1 |   5.6
        D:7 |    1489 |    1011 |  40.4 |      31 |       5 |  13.9
        D:8 |     815 |     331 |  28.9 |      11 |       3 |  21.4
        D:9 |     423 |     959 |  69.4 |       9 |       1 |  10.0
            +---------+---------+-------+---------+---------+-------
